Devils vs Wild

Created - January 23 2007 at 19:26

Goals
1 2 3 OT1 T
Devils 0 4 1 0 5
Wild 1 4 0 1 6
Shots
1 2 3 OT1 T
Devils 5 19 11 1 36
Wild 17 12 21 1 51

Period #1

1. Wild , Marian Gaborik 13 (Pavol Demitra, Kim Johnsson) at 19:24

Penalities :
Pierre-Marc Bouchard (MIN) for Holding (Minor) at 0:53, Colin White (NJD) for Interference (Minor) at 0:53, Colin White (NJD) for High sticking (Minor) at 5:29

Period #2

2. Wild , Pascal Dupuis 3 (Todd White, Eric Brewer) at 1:08
3. Devils , Miroslav Satan 9 (Patrik Elias, Chris Chelios) at 2:02
4. Devils , Mike Comrie 9 (Zach Parise, Juraj Kolnik) at 8:15
5. Wild , Rod Brind'Amour 10 (Keith Carney, Mark Parrish) at 14:10
6. Devils , Patrik Elias 19 (Chris Chelios, Scott Gomez) at 14:54 (PP)
7. Devils , Sergei Brylin 7 (Jamie Langenbrunner, Mike Ribeiro) at 17:24
8. Wild , Lubomir Visnovsky 4 (Mikael Samuelsson, Tim Gleason) at 17:59
9. Wild , Eric Brewer 2 (Pascal Dupuis, Todd White) at 18:30

Penalities :
Eric Brewer (MIN) for Kneeing (Major) at 2:53, Nick Schultz (MIN) for Slashing (Minor) at 9:06, Eric Brewer (MIN) for Charging (Double Minor) at 14:11

Period #3

10. Devils , Scott Gomez 11 (Chris Campoli, Sergei Brylin) at 18:05

Penalities :
Brad Lukowich (NJD) for Charging (Minor) at 2:40, Brian Rolston (MIN) for Fighting (Major) at 15:23, Mike Ribeiro (NJD) for Fighting (Major) at 15:23

Overtime #1

11. Wild , Marian Gaborik 14 (Martin Skoula) at 0:42

Penalities :
No Penalty

Goalie Stats

Patrick Lalime (NJD), 45 saves from 51 shots - (0.882), OTL, 5-2-1, 60:43 minutes
Manny Fernandez (MIN), 31 saves from 36 shots - (0.861), W, 13-7-1, 60:43 minutes

Players Stats

Devils
Player Name              G  A  P  +/- PIM S  H  SB FO MP 
-----------------------------------------------------------
Brad Lukowich            0  0  0  -2  2   0  2  1  0  15 
Brian Gionta             0  0  0  -1  0   3  0  0  19 24 
Brian Rafalski           0  0  0  -1  0   1  0  1  0  25 
Chris Campoli            0  1  1  -1  0   0  1  3  0  18 
Chris Chelios            0  2  2   2  0   0  1  3  0  21 
Colin White              0  0  0  -1  4   0  1  2  0  21 
Jamie Langenbrunner      0  1  1  -2  0   4  0  1  0  15 
John Madden              0  0  0   1  0   2  1  0  1  19 
Juraj Kolnik             0  1  1  -1  0   0  0  0  0  6  
Mike Comrie              1  0  1   1  0   3  0  0  28 20 
Mike Ribeiro             0  1  1  -2  5   1  0  0  3  15 
Miroslav Satan           1  0  1  -2  0   9  2  0  2  25 
Patrik Elias             1  1  2   1  0   3  1  0  5  16 
Paul Martin              0  0  0  -1  0   0  0  0  0  23 
Richard Matvichuk        0  0  0  -1  0   0  0  1  0  6  
Scott Gomez              1  1  2   2  0   5  0  0  15 21 
Sergei Brylin            1  1  2  -1  0   5  1  0  24 15 
Zach Parise              0  1  1  -1  0   0  0  1  12 6  
Wild
Player Name              G  A  P  +/- PIM S  H  SB FO MP 
-----------------------------------------------------------
Brian Rolston            0  0  0   2  5   7  0  0  1  23 
Eric Brewer              1  1  2   0  9   4  0  0  0  14 
Keith Carney             0  1  1   0  0   3  0  3  0  24 
Kim Johnsson             0  1  1   1  0   2  0  0  0  19 
Kyle Calder              0  0  0   0  0   3  0  0  2  20 
Lubomir Visnovsky        1  0  1   2  0   3  2  3  0  26 
Marian Gaborik           2  0  2   1  0   6  0  0  14 20 
Mark Parrish             0  1  1   0  0   4  0  1  0  17 
Martin Skoula            0  1  1   0  0   0  0  0  0  24 
Mikael Samuelsson        0  1  1   1  0   0  1  0  0  7  
Nick Schultz             0  0  0   0  2   0  0  0  0  13 
Pascal Dupuis            1  1  2   0  0   3  0  0  1  13 
Pavol Demitra            0  1  1   1  0   6  1  0  29 19 
Pierre-Marc Bouchard     0  0  0   0  2   2  0  0  0  14 
Rod Brind'Amour          1  0  1   0  0   1  0  0  24 24 
Tim Gleason              0  1  1   1  0   2  0  0  0  7  
Todd White               0  2  2   0  0   4  2  0  25 15 
Wes Walz                 0  0  0   1  0   1  0  0  13 7  

3 Stars

1 - Marian Gaborik (MIN)
2 - Scott Gomez (NJD)
3 - Lubomir Visnovsky (MIN)

Power Play

Devils - 1 on 3 Attempt(s) - 33.33%
Wild - 0 on 2 Attempt(s) - 0.00%

Penalty Kill

Devils - 2 on 2 Attempt(s) - 100.00% - Score 0 goal in Penalty Kill
Wild - 2 on 3 Attempt(s) - 66.67% - Score 0 goal in Penalty Kill

Game Notes

Patrik Elias is injured at 9:25 of 3rd period (Hand)
Brian Rolston and Mike Ribeiro fight to a draw at 15:23 of 3rd period

Finance

Level 1 -- Attendance: 4161 (69.36%) -- Ticket Income $416,100.00
Level 2 -- Attendance: 3667 (73.34%) -- Ticket Income $220,020.00
Level 3 -- Attendance: 1732 (83.93%) -- Ticket Income $60,620.00
Level 4 -- Attendance: 3799 (94.98%) -- Ticket Income $75,980.00
Luxury Box -- Attendance: 960 (95.98%) -- Ticket Income $192,000.00
Game was played at the Xcel Energy Center
Total Attendance: 14319 (79.27%)
Total Ticket Income: $1,015,699.00
Other Expense: $100,085.60
Total Income: $915,613.00


Play by Play

Period #1

0:01 of 1st period - Scott Gomez wins face-off versus Pavol Demitra in neutral zone.
0:49 of 1st period - Off-side.
0:50 of 1st period - Todd White wins face-off versus Mike Comrie in neutral zone.
0:53 of 1st period - Shot by Pierre-Marc Bouchard.
0:53 of 1st period - Stopped by Patrick Lalime without a rebound.
0:53 of 1st period - Minor Penalty to Pierre-Marc Bouchard for Holding.
0:53 of 1st period - Minor Penalty to Colin White for Interference.
0:54 of 1st period - Brian Gionta wins face-off versus Marian Gaborik in Devils zone.
0:55 of 1st period - Brian Gionta wins face-off versus Marian Gaborik in Devils zone.
1:02 of 1st period - Shot by Miroslav Satan.
1:02 of 1st period - Stopped by Manny Fernandez without a rebound.
1:03 of 1st period - Brian Gionta wins face-off versus Marian Gaborik in Wild zone.
1:04 of 1st period - Shot by Miroslav Satan.
1:04 of 1st period - Shot Misses the Net.
1:09 of 1st period - Shot by Paul Martin.
1:09 of 1st period - Shot Blocked by Keith Carney.
1:10 of 1st period - Shot by Paul Martin.
1:10 of 1st period - Shot Hit the Post.
1:44 of 1st period - Icing by Miroslav Satan.
1:45 of 1st period - Brian Gionta wins face-off versus Pavol Demitra in Devils zone.
2:02 of 1st period - Shot by Pavol Demitra.
2:02 of 1st period - Shot Misses the Net.
2:07 of 1st period - Shot by Brian Rolston.
2:07 of 1st period - Stopped by Patrick Lalime without a rebound.
2:08 of 1st period - Patrik Elias wins face-off versus Pavol Demitra in Devils zone.
2:15 of 1st period - Shot by Patrik Elias.
2:15 of 1st period - Shot Misses the Net.
2:20 of 1st period - Shot by Brian Rolston.
2:20 of 1st period - Stopped by Patrick Lalime with a rebound.
2:23 of 1st period - Shot by Pavol Demitra.
2:23 of 1st period - Stopped by Patrick Lalime with a rebound.
2:30 of 1st period - Shot by Brian Rolston.
2:30 of 1st period - Stopped by Patrick Lalime without a rebound.
2:31 of 1st period - Brian Gionta wins face-off versus Marian Gaborik in Devils zone.
2:40 of 1st period - Shot by Brian Gionta.
2:40 of 1st period - Stopped by Manny Fernandez without a rebound.
2:41 of 1st period - Scott Gomez wins face-off versus Kyle Calder in Wild zone.
2:52 of 1st period - Shot by Patrik Elias.
2:52 of 1st period - Shot Blocked by Keith Carney.
2:58 of 1st period - Icing by Chris Campoli.
2:59 of 1st period - Sergei Brylin wins face-off versus Todd White in Devils zone.
3:01 of 1st period - Chris Campoli is hit by Todd White and loses puck.
3:15 of 1st period - Shot by Jamie Langenbrunner.
3:15 of 1st period - Stopped by Manny Fernandez without a rebound.
3:16 of 1st period - Wes Walz wins face-off versus Mike Comrie in Wild zone.
3:52 of 1st period - Icing by Tim Gleason.
3:53 of 1st period - Wes Walz wins face-off versus Scott Gomez in Wild zone.
4:32 of 1st period - Shot by Miroslav Satan.
4:32 of 1st period - Shot Misses the Net.
4:50 of 1st period - Rod Brind'Amour is hit by Patrik Elias and loses puck.
5:29 of 1st period - Minor Penalty to Colin White for High sticking.
5:30 of 1st period - Pavol Demitra wins face-off versus Brian Gionta in neutral zone.
6:35 of 1st period - Shot by Martin Skoula.
6:35 of 1st period - Stopped by Patrick Lalime without a rebound.
6:36 of 1st period - Rod Brind'Amour wins face-off versus Brian Gionta in Devils zone.
6:43 of 1st period - Shot by Mark Parrish.
6:43 of 1st period - Stopped by Patrick Lalime with a rebound.
7:01 of 1st period - Off-side.
7:02 of 1st period - Brian Gionta wins face-off versus Marian Gaborik in neutral zone.
7:08 of 1st period - Icing by Lubomir Visnovsky.
7:09 of 1st period - Pavol Demitra wins face-off versus Patrik Elias in Wild zone.
7:20 of 1st period - Shot by Pavol Demitra.
7:20 of 1st period - Shot Misses the Net.
7:30 of 1st period - Icing by Pavol Demitra.
7:31 of 1st period - Todd White wins face-off versus Sergei Brylin in Wild zone.
7:33 of 1st period - Pierre-Marc Bouchard is hit by Sergei Brylin and loses puck.
7:53 of 1st period - Shot by Todd White.
7:53 of 1st period - Stopped by Patrick Lalime without a rebound.
7:54 of 1st period - Mike Comrie wins face-off versus Wes Walz in Devils zone.
8:29 of 1st period - Shot by Mike Comrie.
8:29 of 1st period - Shot Misses the Net.
8:43 of 1st period - Off-side.
8:44 of 1st period - Sergei Brylin wins face-off versus Rod Brind'Amour in neutral zone.
9:15 of 1st period - Shot by Kyle Calder.
9:15 of 1st period - Shot Hit the Post.
9:16 of 1st period - Shot by Keith Carney.
9:16 of 1st period - Shot Misses the Net.
9:19 of 1st period - Shot by Kyle Calder.
9:19 of 1st period - Stopped by Patrick Lalime with a rebound.
9:20 of 1st period - Shot by Keith Carney.
9:20 of 1st period - Stopped by Patrick Lalime without a rebound.
9:21 of 1st period - Scott Gomez wins face-off versus Todd White in Devils zone.
9:50 of 1st period - Shot by Pierre-Marc Bouchard.
9:50 of 1st period - Shot Misses the Net.
9:51 of 1st period - Shot by Eric Brewer.
9:51 of 1st period - Stopped by Patrick Lalime without a rebound.
9:52 of 1st period - Rod Brind'Amour wins face-off versus Mike Comrie in Devils zone.
10:13 of 1st period - Shot by Brian Gionta.
10:13 of 1st period - Stopped by Manny Fernandez without a rebound.
10:14 of 1st period - Pavol Demitra wins face-off versus Sergei Brylin in Wild zone.
10:31 of 1st period - Shot by Sergei Brylin.
10:31 of 1st period - Stopped by Manny Fernandez without a rebound.
10:32 of 1st period - Todd White wins face-off versus Zach Parise in Wild zone.
10:50 of 1st period - Off-side.
10:51 of 1st period - Rod Brind'Amour wins face-off versus Mike Comrie in neutral zone.
10:55 of 1st period - Off-side.
10:56 of 1st period - Sergei Brylin wins face-off versus Rod Brind'Amour in neutral zone.
11:17 of 1st period - Shot by Mark Parrish.
11:17 of 1st period - Stopped by Patrick Lalime without a rebound.
11:18 of 1st period - Scott Gomez wins face-off versus Todd White in Devils zone.
11:36 of 1st period - Todd White is hit by Chris Chelios and loses puck.
11:38 of 1st period - Shot by Eric Brewer.
11:38 of 1st period - Stopped by Patrick Lalime without a rebound.
11:39 of 1st period - Mike Comrie wins face-off versus Pavol Demitra in Devils zone.
11:59 of 1st period - Icing by Paul Martin.
12:00 of 1st period - Rod Brind'Amour wins face-off versus Mike Comrie in Devils zone.
12:44 of 1st period - Off-side.
12:45 of 1st period - Scott Gomez wins face-off versus Marian Gaborik in neutral zone.
12:45 of 1st period - Miroslav Satan is hit by Lubomir Visnovsky and loses puck.
13:34 of 1st period - Patrik Elias is hit by Todd White and loses puck.
14:21 of 1st period - Icing by Chris Campoli.
14:22 of 1st period - Sergei Brylin wins face-off versus Rod Brind'Amour in Devils zone.
14:34 of 1st period - Icing by Chris Campoli.
14:35 of 1st period - Sergei Brylin wins face-off versus Wes Walz in Devils zone.
14:39 of 1st period - Jamie Langenbrunner is hit by Lubomir Visnovsky and loses puck.
14:43 of 1st period - Shot by Wes Walz.
14:43 of 1st period - Stopped by Patrick Lalime without a rebound.
14:44 of 1st period - Brian Gionta wins face-off versus Rod Brind'Amour in Devils zone.
15:38 of 1st period - Icing by Paul Martin.
15:39 of 1st period - Pavol Demitra wins face-off versus Brian Gionta in Devils zone.
16:07 of 1st period - Marian Gaborik is hit by Chris Campoli and loses puck.
16:11 of 1st period - Shot by Marian Gaborik.
16:11 of 1st period - Shot Misses the Net.
16:12 of 1st period - Shot by Lubomir Visnovsky.
16:12 of 1st period - Stopped by Patrick Lalime without a rebound.
16:13 of 1st period - Todd White wins face-off versus Zach Parise in Devils zone.
16:28 of 1st period - Shot by Pierre-Marc Bouchard.
16:28 of 1st period - Shot Misses the Net.
16:30 of 1st period - Icing by Brian Rafalski.
16:31 of 1st period - Zach Parise wins face-off versus Wes Walz in Devils zone.
18:01 of 1st period - Off-side.
18:02 of 1st period - Todd White wins face-off versus Mike Comrie in neutral zone.
18:35 of 1st period - Shot by Pascal Dupuis.
18:35 of 1st period - Shot Misses the Net.
18:42 of 1st period - Shot by Todd White.
18:42 of 1st period - Shot Blocked by Colin White.
18:43 of 1st period - Shot by Eric Brewer.
18:43 of 1st period - Shot Misses the Net.
19:14 of 1st period - Shot by Pavol Demitra.
19:14 of 1st period - Shot Misses the Net.
19:17 of 1st period - Shot by Pavol Demitra.
19:17 of 1st period - Shot Misses the Net.
19:22 of 1st period - Shot by Pavol Demitra.
19:22 of 1st period - Stopped by Patrick Lalime with a rebound.
19:23 of 1st period - Shot by Pavol Demitra.
19:23 of 1st period - Shot Misses the Net.
19:24 of 1st period - Shot by Marian Gaborik.
19:24 of 1st period - Goal by Marian Gaborik.
19:25 of 1st period - Rod Brind'Amour wins face-off versus Scott Gomez in neutral zone.
19:44 of 1st period - Shot by Mark Parrish.
19:44 of 1st period - Shot Misses the Net.
19:45 of 1st period - Shot by Martin Skoula.
19:45 of 1st period - Shot Misses the Net.
19:48 of 1st period - Shot by Mark Parrish.
19:48 of 1st period - Shot Misses the Net.
19:49 of 1st period - Shot by Keith Carney.
19:49 of 1st period - Shot Misses the Net.

Period #2

0:01 of 2nd period - Pavol Demitra wins face-off versus Scott Gomez in neutral zone.
0:26 of 2nd period - Shot by Patrik Elias.
0:26 of 2nd period - Shot Misses the Net.
0:27 of 2nd period - Shot by Brian Rafalski.
0:27 of 2nd period - Stopped by Manny Fernandez without a rebound.
0:28 of 2nd period - Rod Brind'Amour wins face-off versus Mike Comrie in Wild zone.
0:30 of 2nd period - Kyle Calder is hit by Colin White and loses puck.
0:43 of 2nd period - Icing by Keith Carney.
0:44 of 2nd period - Sergei Brylin wins face-off versus Rod Brind'Amour in Wild zone.
0:50 of 2nd period - Off-side.
0:51 of 2nd period - Todd White wins face-off versus Zach Parise in neutral zone.
0:56 of 2nd period - Shot by Pierre-Marc Bouchard.
0:56 of 2nd period - Shot Misses the Net.
1:01 of 2nd period - Shot by Todd White.
1:01 of 2nd period - Stopped by Patrick Lalime with a rebound.
1:04 of 2nd period - Shot by Todd White.
1:04 of 2nd period - Shot Misses the Net.
1:07 of 2nd period - Shot by Todd White.
1:07 of 2nd period - Shot Misses the Net.
1:08 of 2nd period - Shot by Pascal Dupuis.
1:08 of 2nd period - Goal by Pascal Dupuis.
1:09 of 2nd period - Mike Comrie wins face-off versus Pavol Demitra in neutral zone.
1:33 of 2nd period - Icing by Lubomir Visnovsky.
1:34 of 2nd period - Mike Ribeiro wins face-off versus Pavol Demitra in Wild zone.
1:47 of 2nd period - Shot by Sergei Brylin.
1:47 of 2nd period - Shot Blocked by Lubomir Visnovsky.
1:48 of 2nd period - Shot by Chris Campoli.
1:48 of 2nd period - Stopped by Manny Fernandez without a rebound.
1:49 of 2nd period - Rod Brind'Amour wins face-off versus Patrik Elias in Wild zone.
2:02 of 2nd period - Shot by Patrik Elias.
2:02 of 2nd period - Goal by Miroslav Satan.
2:03 of 2nd period - Todd White wins face-off versus Mike Comrie in neutral zone.
2:12 of 2nd period - Shot by Pierre-Marc Bouchard.
2:12 of 2nd period - Stopped by Patrick Lalime without a rebound.
2:13 of 2nd period - Rod Brind'Amour wins face-off versus Sergei Brylin in Devils zone.
2:32 of 2nd period - Shot by Rod Brind'Amour.
2:32 of 2nd period - Shot Blocked by Chris Campoli.
2:36 of 2nd period - Icing by Chris Campoli.
2:37 of 2nd period - Todd White wins face-off versus Sergei Brylin in Devils zone.
2:53 of 2nd period - Major Penalty to Eric Brewer for Kneeing.
2:54 of 2nd period - Scott Gomez wins face-off versus Pavol Demitra in neutral zone.
3:23 of 2nd period - Shot by Patrik Elias.
3:23 of 2nd period - Shot Misses the Net.
3:36 of 2nd period - Shot by Scott Gomez.
3:36 of 2nd period - Stopped by Manny Fernandez with a rebound.
4:00 of 2nd period - Off-side.
4:01 of 2nd period - Mike Comrie wins face-off versus Pavol Demitra in neutral zone.
5:37 of 2nd period - Off-side.
5:38 of 2nd period - Pavol Demitra wins face-off versus Mike Comrie in neutral zone.
7:21 of 2nd period - Shot by Sergei Brylin.
7:21 of 2nd period - Shot Misses the Net.
8:14 of 2nd period - Shot by Mike Comrie.
8:14 of 2nd period - Shot Misses the Net.
8:15 of 2nd period - Shot by Mike Comrie.
8:15 of 2nd period - Goal by Mike Comrie.
8:16 of 2nd period - Sergei Brylin wins face-off versus Wes Walz in neutral zone.
8:19 of 2nd period - Shot by Mike Ribeiro.
8:19 of 2nd period - Shot Misses the Net.
9:02 of 2nd period - Shot by Mark Parrish.
9:02 of 2nd period - Shot Misses the Net.
9:05 of 2nd period - Shot by Kyle Calder.
9:05 of 2nd period - Stopped by Patrick Lalime without a rebound.
9:06 of 2nd period - Miroslav Satan wins face-off versus Todd White in Devils zone.
9:06 of 2nd period - Minor Penalty to Nick Schultz for Slashing.
9:07 of 2nd period - Marian Gaborik wins face-off versus Mike Comrie in Devils zone.
10:18 of 2nd period - Shot by Patrik Elias.
10:18 of 2nd period - Shot Misses the Net.
10:21 of 2nd period - Shot by Patrik Elias.
10:21 of 2nd period - Stopped by Manny Fernandez with a rebound.
10:22 of 2nd period - Shot by Scott Gomez.
10:22 of 2nd period - Shot Misses the Net.
10:25 of 2nd period - Shot by Miroslav Satan.
10:25 of 2nd period - Stopped by Manny Fernandez without a rebound.
10:26 of 2nd period - Pavol Demitra wins face-off versus Mike Comrie in Wild zone.
10:45 of 2nd period - Shot by Brian Gionta.
10:45 of 2nd period - Stopped by Manny Fernandez with a rebound.
11:25 of 2nd period - Pierre-Marc Bouchard is hit by Brad Lukowich and loses puck.
11:39 of 2nd period - Shot by Sergei Brylin.
11:39 of 2nd period - Stopped by Manny Fernandez without a rebound.
11:40 of 2nd period - Zach Parise wins face-off versus Wes Walz in Wild zone.
12:11 of 2nd period - Shot by Wes Walz.
12:11 of 2nd period - Shot Blocked by Richard Matvichuk.
12:22 of 2nd period - Shot by Miroslav Satan.
12:22 of 2nd period - Stopped by Manny Fernandez without a rebound.
12:23 of 2nd period - Sergei Brylin wins face-off versus Todd White in Wild zone.
12:26 of 2nd period - Shot by Mike Ribeiro.
12:26 of 2nd period - Stopped by Manny Fernandez without a rebound.
12:27 of 2nd period - Sergei Brylin wins face-off versus Rod Brind'Amour in Wild zone.
12:30 of 2nd period - Shot by Jamie Langenbrunner.
12:30 of 2nd period - Stopped by Manny Fernandez with a rebound.
12:31 of 2nd period - Shot by Brad Lukowich.
12:31 of 2nd period - Stopped by Manny Fernandez without a rebound.
12:32 of 2nd period - Todd White wins face-off versus Mike Comrie in Wild zone.
13:01 of 2nd period - Shot by Pascal Dupuis.
13:01 of 2nd period - Shot Misses the Net.
13:03 of 2nd period - Icing by Colin White.
13:04 of 2nd period - Rod Brind'Amour wins face-off versus Mike Comrie in Devils zone.
13:10 of 2nd period - Kyle Calder is hit by John Madden and loses puck.
13:16 of 2nd period - Shot by Kyle Calder.
13:16 of 2nd period - Shot Misses the Net.
13:17 of 2nd period - Shot by Martin Skoula.
13:17 of 2nd period - Shot Misses the Net.
13:20 of 2nd period - Shot by Kyle Calder.
13:20 of 2nd period - Shot Misses the Net.
13:23 of 2nd period - Shot by Kyle Calder.
13:23 of 2nd period - Stopped by Patrick Lalime without a rebound.
13:24 of 2nd period - Pavol Demitra wins face-off versus Scott Gomez in Devils zone.
13:26 of 2nd period - Brian Rolston is hit by Miroslav Satan and loses puck.
13:42 of 2nd period - Shot by Brian Rolston.
13:42 of 2nd period - Shot Blocked by Chris Chelios.
13:45 of 2nd period - Shot by Pavol Demitra.
13:45 of 2nd period - Stopped by Patrick Lalime without a rebound.
13:46 of 2nd period - Rod Brind'Amour wins face-off versus Sergei Brylin in Devils zone.
14:07 of 2nd period - Shot by Mark Parrish.
14:07 of 2nd period - Shot Misses the Net.
14:10 of 2nd period - Shot by Rod Brind'Amour.
14:10 of 2nd period - Goal by Rod Brind'Amour.
14:11 of 2nd period - Zach Parise wins face-off versus Todd White in neutral zone.
14:11 of 2nd period - Double Minor Penalty to Eric Brewer for Charging.
14:12 of 2nd period - Pavol Demitra wins face-off versus Scott Gomez in neutral zone.
14:51 of 2nd period - Shot by Scott Gomez.
14:51 of 2nd period - Shot Misses the Net.
14:54 of 2nd period - Shot by Patrik Elias.
14:54 of 2nd period - Goal by Patrik Elias.
14:55 of 2nd period - Marian Gaborik wins face-off versus Mike Comrie in neutral zone.
16:27 of 2nd period - Icing by Colin White.
16:28 of 2nd period - Mike Comrie wins face-off versus Marian Gaborik in Devils zone.
16:48 of 2nd period - Icing by Paul Martin.
16:49 of 2nd period - Pavol Demitra wins face-off versus Brian Gionta in Devils zone.
17:24 of 2nd period - Shot by Sergei Brylin.
17:24 of 2nd period - Goal by Sergei Brylin.
17:25 of 2nd period - Zach Parise wins face-off versus Wes Walz in neutral zone.
17:54 of 2nd period - Shot by Zach Parise.
17:54 of 2nd period - Shot Hit the Post.
17:59 of 2nd period - Shot by Lubomir Visnovsky.
17:59 of 2nd period - Goal by Lubomir Visnovsky.
18:00 of 2nd period - Sergei Brylin wins face-off versus Kyle Calder in neutral zone.
18:03 of 2nd period - Shot by Jamie Langenbrunner.
18:03 of 2nd period - Stopped by Manny Fernandez without a rebound.
18:04 of 2nd period - Pascal Dupuis wins face-off versus Sergei Brylin in Wild zone.
18:27 of 2nd period - Shot by Todd White.
18:27 of 2nd period - Stopped by Patrick Lalime with a rebound.
18:28 of 2nd period - Shot by Eric Brewer.
18:28 of 2nd period - Stopped by Patrick Lalime with a rebound.
18:29 of 2nd period - Shot by Pascal Dupuis.
18:29 of 2nd period - Stopped by Patrick Lalime with a rebound.
18:30 of 2nd period - Shot by Eric Brewer.
18:30 of 2nd period - Goal by Eric Brewer.
18:31 of 2nd period - Mike Comrie wins face-off versus Rod Brind'Amour in neutral zone.
18:40 of 2nd period - Shot by Mike Comrie.
18:40 of 2nd period - Shot Misses the Net.
18:43 of 2nd period - Shot by Brian Gionta.
18:43 of 2nd period - Shot Blocked by Mark Parrish.
18:44 of 2nd period - Shot by Colin White.
18:44 of 2nd period - Shot Misses the Net.
18:49 of 2nd period - Shot by Mike Comrie.
18:49 of 2nd period - Shot Misses the Net.
18:50 of 2nd period - Shot by Colin White.
18:50 of 2nd period - Shot Misses the Net.
19:05 of 2nd period - Shot by Mike Comrie.
19:05 of 2nd period - Stopped by Manny Fernandez without a rebound.
19:06 of 2nd period - Pavol Demitra wins face-off versus Scott Gomez in Wild zone.
19:10 of 2nd period - Marian Gaborik is hit by Miroslav Satan and loses puck.
19:26 of 2nd period - Shot by Scott Gomez.
19:26 of 2nd period - Stopped by Manny Fernandez with a rebound.
19:29 of 2nd period - Shot by Miroslav Satan.
19:29 of 2nd period - Shot Misses the Net.
19:30 of 2nd period - Shot by Chris Chelios.
19:30 of 2nd period - Shot Misses the Net.
19:31 of 2nd period - Shot by Scott Gomez.
19:31 of 2nd period - Shot Misses the Net.
19:34 of 2nd period - Shot by Miroslav Satan.
19:34 of 2nd period - Stopped by Manny Fernandez without a rebound.
19:35 of 2nd period - Todd White wins face-off versus Mike Ribeiro in Wild zone.
19:35 of 2nd period - Pierre-Marc Bouchard is hit by Brad Lukowich and loses puck.
19:56 of 2nd period - Off-side.
19:57 of 2nd period - Rod Brind'Amour wins face-off versus Mike Comrie in neutral zone.

Period #3

0:01 of 3rd period - Scott Gomez wins face-off versus Pavol Demitra in neutral zone.
0:22 of 3rd period - Shot by Pavol Demitra.
0:22 of 3rd period - Stopped by Patrick Lalime with a rebound.
0:27 of 3rd period - Shot by Brian Rolston.
0:27 of 3rd period - Shot Misses the Net.
0:29 of 3rd period - Icing by Brian Rafalski.
0:30 of 3rd period - Scott Gomez wins face-off versus Rod Brind'Amour in Devils zone.
0:49 of 3rd period - Shot by Patrik Elias.
0:49 of 3rd period - Stopped by Manny Fernandez with a rebound.
2:20 of 3rd period - Shot by Marian Gaborik.
2:20 of 3rd period - Shot Blocked by Jamie Langenbrunner.
2:40 of 3rd period - Minor Penalty to Brad Lukowich for Charging.
2:41 of 3rd period - Pavol Demitra wins face-off versus Patrik Elias in Devils zone.
3:00 of 3rd period - Shot by Marian Gaborik.
3:00 of 3rd period - Stopped by Patrick Lalime without a rebound.
3:01 of 3rd period - Todd White wins face-off versus Brian Gionta in Devils zone.
3:26 of 3rd period - Shot by Brian Rolston.
3:26 of 3rd period - Stopped by Patrick Lalime without a rebound.
3:27 of 3rd period - Pavol Demitra wins face-off versus Patrik Elias in Devils zone.
3:32 of 3rd period - Shot by Marian Gaborik.
3:32 of 3rd period - Stopped by Patrick Lalime with a rebound.
3:35 of 3rd period - Shot by Pavol Demitra.
3:35 of 3rd period - Stopped by Patrick Lalime with a rebound.
3:36 of 3rd period - Shot by Kim Johnsson.
3:36 of 3rd period - Stopped by Patrick Lalime with a rebound.
3:39 of 3rd period - Shot by Pavol Demitra.
3:39 of 3rd period - Stopped by Patrick Lalime with a rebound.
3:40 of 3rd period - Shot by Pascal Dupuis.
3:40 of 3rd period - Shot Blocked by Chris Chelios.
3:41 of 3rd period - Shot by Eric Brewer.
3:41 of 3rd period - Shot Misses the Net.
3:42 of 3rd period - Shot by Marian Gaborik.
3:42 of 3rd period - Stopped by Patrick Lalime with a rebound.
3:43 of 3rd period - Shot by Kim Johnsson.
3:43 of 3rd period - Stopped by Patrick Lalime without a rebound.
3:44 of 3rd period - Brian Gionta wins face-off versus Rod Brind'Amour in Devils zone.
4:39 of 3rd period - Shot by Marian Gaborik.
4:39 of 3rd period - Shot Misses the Net.
4:44 of 3rd period - Shot by Pierre-Marc Bouchard.
4:44 of 3rd period - Shot Blocked by Chris Campoli.
4:45 of 3rd period - Shot by Eric Brewer.
4:45 of 3rd period - Shot Misses the Net.
4:58 of 3rd period - Shot by Sergei Brylin.
4:58 of 3rd period - Stopped by Manny Fernandez without a rebound.
4:59 of 3rd period - Wes Walz wins face-off versus Zach Parise in Wild zone.
5:10 of 3rd period - Shot by Mikael Samuelsson.
5:10 of 3rd period - Shot Blocked by Zach Parise.
5:11 of 3rd period - Shot by Wes Walz.
5:11 of 3rd period - Shot Blocked by Brian Rafalski.
5:12 of 3rd period - Shot by Tim Gleason.
5:12 of 3rd period - Stopped by Patrick Lalime with a rebound.
5:13 of 3rd period - Shot by Tim Gleason.
5:13 of 3rd period - Stopped by Patrick Lalime without a rebound.
5:14 of 3rd period - Sergei Brylin wins face-off versus Todd White in Devils zone.
5:18 of 3rd period - Icing by Mike Ribeiro.
5:19 of 3rd period - Todd White wins face-off versus Sergei Brylin in Devils zone.
5:46 of 3rd period - Shot by Sergei Brylin.
5:46 of 3rd period - Shot Hit the Post.
5:57 of 3rd period - Shot by Jamie Langenbrunner.
5:57 of 3rd period - Shot Misses the Net.
6:12 of 3rd period - Shot by Brian Rolston.
6:12 of 3rd period - Shot Misses the Net.
6:13 of 3rd period - Shot by Lubomir Visnovsky.
6:13 of 3rd period - Stopped by Patrick Lalime with a rebound.
6:33 of 3rd period - Icing by Mike Ribeiro.
6:34 of 3rd period - Rod Brind'Amour wins face-off versus Sergei Brylin in Devils zone.
6:57 of 3rd period - Shot by Mark Parrish.
6:57 of 3rd period - Shot Misses the Net.
6:58 of 3rd period - Shot by Keith Carney.
6:58 of 3rd period - Stopped by Patrick Lalime with a rebound.
7:01 of 3rd period - Shot by Martin Skoula.
7:01 of 3rd period - Shot Blocked by Brad Lukowich.
7:04 of 3rd period - Shot by Mark Parrish.
7:04 of 3rd period - Stopped by Patrick Lalime without a rebound.
7:05 of 3rd period - Pavol Demitra wins face-off versus Scott Gomez in Devils zone.
7:22 of 3rd period - Shot by Brian Rolston.
7:22 of 3rd period - Stopped by Patrick Lalime without a rebound.
7:23 of 3rd period - Todd White wins face-off versus Mike Comrie in Devils zone.
8:26 of 3rd period - Shot by Kyle Calder.
8:26 of 3rd period - Shot Misses the Net.
9:24 of 3rd period - Patrik Elias is hit by Pavol Demitra and loses puck.
9:25 of 3rd period - Patrik Elias from Devils is injured at 9:25 of 3rd period (Hand).
9:26 of 3rd period - Wes Walz wins face-off versus Zach Parise in neutral zone.
9:34 of 3rd period - Off-side.
9:35 of 3rd period - Brian Rolston wins face-off versus Mike Ribeiro in neutral zone.
9:58 of 3rd period - Shot by Brian Rolston.
9:58 of 3rd period - Stopped by Patrick Lalime without a rebound.
9:59 of 3rd period - Zach Parise wins face-off versus Wes Walz in Devils zone.
10:05 of 3rd period - Zach Parise is hit by Mikael Samuelsson and loses puck.
10:24 of 3rd period - Icing by Tim Gleason.
10:25 of 3rd period - Mike Comrie wins face-off versus Wes Walz in Wild zone.
10:26 of 3rd period - Shot by John Madden.
10:26 of 3rd period - Stopped by Manny Fernandez without a rebound.
10:27 of 3rd period - Mike Comrie wins face-off versus Todd White in Wild zone.
11:09 of 3rd period - Icing by Eric Brewer.
11:10 of 3rd period - Sergei Brylin wins face-off versus Todd White in Wild zone.
11:47 of 3rd period - Shot by Jamie Langenbrunner.
11:47 of 3rd period - Shot Hit the Post.
12:57 of 3rd period - Icing by Kim Johnsson.
12:58 of 3rd period - John Madden wins face-off versus Pavol Demitra in Wild zone.
13:30 of 3rd period - Off-side.
13:31 of 3rd period - Rod Brind'Amour wins face-off versus Zach Parise in neutral zone.
13:40 of 3rd period - Shot by Rod Brind'Amour.
13:40 of 3rd period - Shot Misses the Net.
13:51 of 3rd period - Shot by Miroslav Satan.
13:51 of 3rd period - Stopped by Manny Fernandez without a rebound.
13:52 of 3rd period - Todd White wins face-off versus Sergei Brylin in Wild zone.
14:05 of 3rd period - Shot by Pascal Dupuis.
14:05 of 3rd period - Stopped by Patrick Lalime without a rebound.
14:06 of 3rd period - Rod Brind'Amour wins face-off versus Mike Comrie in Devils zone.
15:03 of 3rd period - Shot by Jamie Langenbrunner.
15:03 of 3rd period - Shot Misses the Net.
15:06 of 3rd period - Shot by Miroslav Satan.
15:06 of 3rd period - Stopped by Manny Fernandez without a rebound.
15:07 of 3rd period - Todd White wins face-off versus Zach Parise in Wild zone.
15:18 of 3rd period - Shot by Todd White.
15:18 of 3rd period - Stopped by Patrick Lalime without a rebound.
15:19 of 3rd period - Wes Walz wins face-off versus Sergei Brylin in Devils zone.
15:23 of 3rd period - Brian Rolston and Mike Ribeiro fight to a draw.
15:23 of 3rd period - Penalty to Brian Rolston for Fighting.
15:23 of 3rd period - Penalty to Mike Ribeiro for Fighting.
15:24 of 3rd period - Miroslav Satan wins face-off versus Pavol Demitra in Devils zone.
15:31 of 3rd period - Shot by Pavol Demitra.
15:31 of 3rd period - Stopped by Patrick Lalime with a rebound.
15:36 of 3rd period - Shot by Marian Gaborik.
15:36 of 3rd period - Stopped by Patrick Lalime without a rebound.
15:37 of 3rd period - Pavol Demitra wins face-off versus Brian Gionta in Devils zone.
15:58 of 3rd period - Shot by Scott Gomez.
15:58 of 3rd period - Shot Blocked by Lubomir Visnovsky.
16:08 of 3rd period - Off-side.
16:09 of 3rd period - Marian Gaborik wins face-off versus Brian Gionta in neutral zone.
17:12 of 3rd period - Shot by Scott Gomez.
17:12 of 3rd period - Stopped by Manny Fernandez without a rebound.
17:13 of 3rd period - Todd White wins face-off versus Mike Comrie in Wild zone.
17:36 of 3rd period - Shot by Scott Gomez.
17:36 of 3rd period - Stopped by Manny Fernandez without a rebound.
17:37 of 3rd period - Pavol Demitra wins face-off versus Mike Comrie in Wild zone.
18:00 of 3rd period - Shot by Mike Comrie.
18:00 of 3rd period - Stopped by Manny Fernandez without a rebound.
18:01 of 3rd period - Sergei Brylin wins face-off versus Marian Gaborik in Wild zone.
18:02 of 3rd period - Shot by Scott Gomez.
18:02 of 3rd period - Shot Misses the Net.
18:05 of 3rd period - Shot by Scott Gomez.
18:05 of 3rd period - Goal by Scott Gomez.
18:06 of 3rd period - Rod Brind'Amour wins face-off versus Mike Comrie in neutral zone.
18:55 of 3rd period - Shot by Miroslav Satan.
18:55 of 3rd period - Stopped by Manny Fernandez without a rebound.
18:56 of 3rd period - Marian Gaborik wins face-off versus Brian Gionta in Wild zone.
19:17 of 3rd period - Shot by Miroslav Satan.
19:17 of 3rd period - Stopped by Manny Fernandez without a rebound.
19:18 of 3rd period - Marian Gaborik wins face-off versus Sergei Brylin in Wild zone.
19:33 of 3rd period - Shot by Marian Gaborik.
19:33 of 3rd period - Shot Blocked by Chris Campoli.
19:36 of 3rd period - Shot by Pavol Demitra.
19:36 of 3rd period - Shot Blocked by Chris Chelios.
19:41 of 3rd period - Shot by Marian Gaborik.
19:41 of 3rd period - Shot Misses the Net.
19:42 of 3rd period - Shot by Keith Carney.
19:42 of 3rd period - Stopped by Patrick Lalime without a rebound.
19:43 of 3rd period - Brian Gionta wins face-off versus Pavol Demitra in Devils zone.
19:52 of 3rd period - Shot by Brian Gionta.
19:52 of 3rd period - Shot Misses the Net.
19:57 of 3rd period - Shot by Pavol Demitra.
19:57 of 3rd period - Shot Misses the Net.
19:58 of 3rd period - Shot by Kyle Calder.
19:58 of 3rd period - Shot Blocked by Colin White.

Overtime #1

0:01 of 1st overtime period - Pavol Demitra wins face-off versus Brian Gionta in neutral zone.
0:24 of 1st overtime period - Shot by Scott Gomez.
0:24 of 1st overtime period - Shot Blocked by Lubomir Visnovsky.
0:27 of 1st overtime period - Shot by Scott Gomez.
0:27 of 1st overtime period - Stopped by Manny Fernandez without a rebound.
0:28 of 1st overtime period - Marian Gaborik wins face-off versus Brian Gionta in Wild zone.
0:37 of 1st overtime period - Shot by Brian Gionta.
0:37 of 1st overtime period - Shot Blocked by Keith Carney.
0:42 of 1st overtime period - Shot by Marian Gaborik.
0:42 of 1st overtime period - Goal by Marian Gaborik.


Output by the SimonT Hockey Simulator (STHS) for Stephane Roy -- Original Page W3C XHTML 1.0 Valid